AoeStats
← 280897526

Scandinavia

510531067Analyzed
1v1 RM · 14h ago on Oct 1, 2026· 36m 46s· 2 players
Game mode
Random Map
Map size
Tiny (2 player)
Population
200
Speed
Normal
Resources
Standard
Victory
Conquest
Starting age
Dark Age
Ending age
Imperial Age
RankedLock teamsTeams togetherTeam positionsShared explorationLock speedFull tech treeHidden civsTurbo modeCheats
Victory
Defeat
🇹🇷 Vietnamese · Türkiye
860
+16
🇨🇳 Chinese · China
856
-16
280897526
3:56 Loom
14:33 Feudal Age
15:16 Double-Bit Axe
15:24 Gold Mining
16:55 Horse Collar
18:41 Town Watch
19:33 Wheelbarrow
18:51 Town Watch
19:59 Fletching
20:09 Padded Archer Armor
33:48 Castle Age
33:50 Crossbowman
34:26 Bodkin Arrow
34:47 Leather Archer Armor
35:18 Bow Saw
36:33 Thumb Ring
Yüce Ahmet
0:30 Loom
12:47 Feudal Age
14:15 Wheelbarrow
13:23 Horse Collar
13:32 Double-Bit Axe
15:11 Fishing Lines
18:34 Stone Mining
21:23 Castle Age
22:26 Hand Cart
22:46 Bow Saw
22:37 Heavy Plow
23:34 Fletching
23:54 Forging
27:21 Bloodlines
27:09 Gold Mining
27:56 Stone Shaft Mining
27:57 Light Cavalry
28:49 Squires
28:34 Arson
29:31 Crossbowman
31:34 Bodkin Arrow
32:15 Iron Casting
31:46 Scale Barding Armor
31:41 Padded Archer Armor
31:54 Thumb Ring
37:08 Imperial Age
34:28 Town Watch
Connection lost

Rejoining the realm…

Still unreachable

The connection could not be restored.

Session expired

The server has moved on; the page needs a fresh start.